Map: Blackpink LE

Players

Neeb

  • Race: Protoss Protoss
  • Spawn Location: 7:00

Classic - Winner!

  • Race: Protoss Protoss
  • Spawn Location: 1:00

Event: WESG 2017 Haikou

VOD

Have the link to the VOD?

Description

Time

  • Played on: March 15, 2018, 4:10 a.m.
  • Length: 10:05

All games in this series

Show
View Real Time Build Order
Export as new Build Order

Neeb Protoss 

Build Orders: Oracle Opening 

Get SALT Encoding   

  12  0:00  Probe  
  13  0:13  Probe  
  14  0:18  Pylon  
  14  0:25  Probe (Chrono Boost)  
  15  0:37  Probe (Chrono Boost)  
  15  0:39  Gateway  
  16  0:46  Probe (Chrono Boost)  
  17  0:50  Assimilator  
  17  0:51  Probe  
  17  0:55  Assimilator  
  18  1:03  Probe (Chrono Boost)  
  19  1:07  Gateway  
  19  1:14  Probe (Chrono Boost)  
  20  1:19  Probe (Chrono Boost)  
  21  1:27  Cybernetics Core  
  21  1:29  Probe  
  22  1:34  Pylon  
  22  1:42  Probe  
  23  1:54  Probe  
  24  2:03  Stalker, Warp Gate  
  24  2:04  Stalker  
  24  2:06  Probe  
  29  2:18  Probe  
  29  2:20  Pylon  
  30  2:38  Stalker (Chrono Boost)  
  30  2:39  Pylon  
  30  2:42  Stalker (Chrono Boost)  
  33  2:45  Stargate  
  33  2:48  Probe  
  34  3:06  Stalker (Chrono Boost)  
  38  3:20  Pylon  
  36  3:27  Oracle (Chrono Boost)  
  36  3:28  Nexus  
  39  3:38  Probe  
  40  3:50  Probe, Twilight Council  
  38  4:02  Probe (Chrono Boost)  
  36  4:15  Probe (Chrono Boost)  
  37  4:23  Probe (Chrono Boost)  
  37  4:24  Blink (Chrono Boost)  
  38  4:27  Stalker x2  
  38  4:29  Probe  
  43  4:41  Probe x2  
  45  4:51  Stalker  
  47  4:52  Stalker  
  47  4:53  Probe x2  
  51  5:02  Pylon  
  51  5:05  Probe x2  
  53  5:07  Forge  
  53  5:14  Pylon  
  53  5:17  Probe x2  
  53  5:19  Assimilator  
  55  5:21  Sentry x2  
  55  5:22  Assimilator  
  59  5:29  Probe x2  
  57  5:41  Probe x2  
  55  5:48  Stalker x2  
  59  5:53  Probe x2  
  61  6:05  Probe  
  61  6:06  Probe  
  63  6:12  Protoss Ground Weapons Level 1 (Chrono Boost)  
  63  6:17  Probe  
  63  6:18  Probe  
  62  6:26  Gateway  
  62  6:27  Charge  
  62  6:28  Gateway  
  62  6:29  Stalker x2, Gateway  
  62  6:30  Probe x2, Gateway  
  68  6:36  Phoenix  
  68  6:42  Probe x2  
  70  6:50  Nexus  
  69  6:54  Probe  
  69  6:58  Probe  
  69  6:59  Templar Archives  
  70  7:02  Gateway  
  70  7:06  Robotics Facility  
  70  7:08  Probe  
  71  7:14  Pylon  
  72  7:15  Probe  
  72  7:20  Probe  
  73  7:27  Probe  
  74  7:32  Probe  
  74  7:34  Zealot x3  
  81  7:40  Probe  
  81  7:42  Shield Battery  
  82  7:44  Probe, Protoss Ground Weapons Level 2 (Chrono Boost)  
  83  7:52  Probe  
  83  7:56  Probe  
  84  8:04  Probe x2 (Chrono Boost)  
  84  8:13  Probe (Chrono Boost)  
  84  8:14  High Templar x4  
  84  8:15  Zealot x2  
  84  8:16  Probe x2 (Chrono Boost)  
  98  8:22  Archon  
  98  8:23  Archon, Probe (Chrono Boost)  
  99  8:29  Pylon  
  99  8:30  Probe x2, Pylon x3  
  99  8:33  Assimilator  
  101  8:36  Assimilator  
  101  8:41  Pylon  
  101  8:47  Probe  
  101  8:48  Immortal, Probe x2  
  108  8:55  Zealot x5, High Templar x2  
  112  8:59  Pylon  
  112  9:00  Probe x3  
  112  9:01  Gateway  
  123  9:15  Pylon  
  123  9:17  Archon  
  123  9:18  High Templar x2  
  123  9:23  Archon  
  126  9:24  Zealot x3  
  126  9:27  Immortal (Chrono Boost)  
  126  9:30  Zealot x2  
  140  9:39  Pylon  
  124  9:45  Zealot  
  124  9:46  Zealot x2  
  124  9:50  Probe  
  97  9:52  Zealot x3  
  97  9:53  Zealot  
Show
View Real Time Build Order
Export as new Build Order

Classic Protoss - Winner!

Build Orders: Phoenix Opening, Zealot Archon 

Get SALT Encoding   

  12  0:00  Probe  
  13  0:12  Probe  
  14  0:17  Pylon  
  14  0:24  Probe  
  15  0:36  Gateway  
  15  0:37  Probe (Chrono Boost)  
  16  0:46  Probe (Chrono Boost), Assimilator  
  17  0:51  Probe (Chrono Boost)  
  17  0:55  Assimilator  
  18  1:03  Probe (Chrono Boost)  
  19  1:11  Probe (Chrono Boost)  
  20  1:14  Gateway  
  20  1:17  Probe  
  20  1:24  Cybernetics Core  
  21  1:29  Probe  
  22  1:35  Pylon  
  22  1:41  Probe  
  23  1:54  Probe  
  24  2:00  Stalker  
  26  2:02  Warp Gate  
  26  2:03  Sentry  
  28  2:10  Pylon  
  28  2:26  Stargate  
  28  2:33  Stalker  
  30  2:52  Nexus  
  30  3:09  Probe, Phoenix (Chrono Boost)  
  32  3:13  Stalker  
  32  3:18  Shield Battery  
  34  3:25  Phoenix (Chrono Boost)  
  36  3:29  Probe  
  37  3:45  Pylon  
  37  3:46  Phoenix (Chrono Boost)  
  39  3:59  Probe  
  36  4:05  Phoenix  
  36  4:13  Probe x2 (Chrono Boost)  
  40  4:25  Probe x2 (Chrono Boost)  
  40  4:30  Probe x2 (Chrono Boost), Phoenix  
  42  4:36  Robotics Facility  
  44  4:40  Probe x2  
  46  4:48  Assimilator  
  46  4:50  Assimilator  
  46  4:53  Probe x2  
  48  5:00  Stalker x2  
  48  5:05  Probe x2  
  54  5:11  Pylon  
  54  5:17  Forge, Probe  
  54  5:19  Probe  
  56  5:23  Stalker  
  56  5:26  Observer  
  59  5:29  Stalker  
  59  5:32  Probe  
  62  5:44  Immortal (Chrono Boost)  
  62  5:45  Probe x2  
  62  5:47  Sentry  
  70  5:51  Protoss Ground Weapons Level 1 (Chrono Boost)  
  70  6:03  Probe  
  70  6:06  Pylon  
  70  6:11  Pylon  
  70  6:12  Twilight Council  
  70  6:24  Immortal, Probe  
  75  6:36  Gateway  
  75  6:37  Gateway  
  71  6:50  Charge (Chrono Boost)  
  71  6:57  Gateway  
  71  7:00  Nexus, Gateway  
  71  7:02  Pylon  
  71  7:05  Pylon  
  73  7:10  Templar Archives  
  71  7:16  Immortal (Chrono Boost)  
  71  7:21  Protoss Ground Weapons Level 2 (Chrono Boost)  
  75  7:29  Gateway  
  75  7:30  Gateway  
  75  7:39  Zealot x2  
  79  7:47  High Templar x2  
  83  7:52  Warp Prism (Chrono Boost)  
  83  7:55  Archon  
  85  8:09  Zealot x2, High Templar x2  
  91  8:14  Archon  
  91  8:21  High Templar  
  91  8:22  High Templar  
  91  8:23  Probe x3  
  91  8:24  Zealot x2, Pylon  
  102  8:27  Archon  
  102  8:30  Zealot x2  
  106  8:41  Zealot x2  
  110  8:48  Zealot  
  110  8:49  Zealot  
  110  8:53  High Templar  
  110  8:54  Zealot x2, High Templar  
  122  8:59  Archon, Pylon  
  122  9:02  Pylon  
  120  9:18  Zealot, High Templar x2  
  120  9:19  Zealot x3  
  120  9:23  Archon  
  132  9:26  Zealot x2  
  136  9:33  Probe x2  
  139  9:39  Pylon  
  139  9:41  Pylon  
  139  9:42  Zealot  
  139  9:43  Zealot  
  129  9:46  Zealot x4  
  129  9:50  Zealot  
  129  9:51  Zealot  
  125  9:54  High Templar x2  
  125  9:58  Archon  
Tags
 
Add a new tag
Caveats
  • Supply blocks, unpowered buildings, or Contaminate may cause inaccurate times.
  • Supply counts are checked every 10 seconds.